 Dungeon Crawl Stone Soup version 0.29-a0-284-gf9362112df (webtiles) character file.

Game seed: 5913373654406906046

130 bande the Covered (level 5, -7/33 HPs)
             Began as a Gargoyle Fighter on Mar 29, 2022.
             Mangled by a mummy (10 damage)
             ... in an ossuary.
             The game lasted 00:04:25 (2872 turns).

bande the Covered (Gargoyle Fighter)                Turns: 2872, Time: 00:04:26

Health: -7/33      AC: 15    Str: 20    XL:     5   Next: 14%
Magic:  5/5        EV:  9    Int:  8    God:
Gold:   220        SH:  5    Dex: 17    Spells: 4/4 levels left

rFire   + . .      SeeInvis .   a - +1 war axe (vorpal)
rCold   . . .      Faith    .   c - +0 buckler
rNeg    + . .      Spirit   .   b - +0 scale mail
rPois   ∞          Reflect  .   (no helmet)
rElec   +          Harm     .   (no cloak)
rCorr   .          Rampage  ∞   (no gloves)
Will    .....                   g - +3 pair of seven-league boots {Rampage+∞}
Stlth   ..........              (no amulet)
HPRegen 0.11/turn               f - +6 ring of dexterity
MPRegen 0.09/turn               i - ring of protection from fire

@: no status effects
A: sickness immunity, AC +4, negative energy resistance 1, electricity
resistance, torment resistance 1, petrification resistance
a: no special abilities


You were in an ossuary.
You visited 1 branch of the dungeon, and saw 4 of its levels.
You also visited: Ossuary.

You collected 220 gold pieces.

Inventory:

Hand Weapons
 a - a +1 vorpal war axe (weapon)
 e - a +0 flail
Armour
 b - a +0 scale mail (worn)
 c - a +0 buckler (worn)
 g - the +3 pair of seven-league boots (worn) {Rampage+∞}
   (You acquired it on level 3 of the Dungeon)

   Its wearer moves as far as possible in that direction when moving towards
   enemies.
Jewellery
 f - a +6 ring of dexterity (left hand)
 i - a ring of protection from fire (right hand)
Wands
 o - a wand of iceblast (9)
Scrolls
 h - 2 scrolls of teleportation
 j - a scroll of fog
 k - 4 scrolls of identify
 q - a scroll of torment {unknown}
 r - a scroll of acquirement
Potions
 d - 2 potions of might
 l - 2 potions of heal wounds {unknown}
 m - a potion of degeneration {unknown}
 n - a potion of attraction {unknown}
 p - a potion of brilliance {unknown}


   Skills:
 + Level 3.7 Fighting
 + Level 3.3 Axes
 + Level 4.3 Armour
 - Level 0.5 Stealth
 + Level 3.7 Shields


You had 4 spell levels left.
You didn't know any spells.
Your spell library contained the following spells:

 Spells                   Type           Power      Damage    Failure   Level
 Sandblast                Erth           0%         2d4       85%         1
 Blink                    Tloc           0%         N/A       94%         2
 Passwall                 Tmut/Erth      0%         N/A       94%         2
 Lesser Beckoning         Tloc           0%         N/A       99%         3
 Stone Arrow              Conj/Erth      0%         3d7       99%         3
 Manifold Assault         Tloc           0%         N/A       100%        5


Dungeon Overview and Level Annotations

Branches:
Dungeon (4/15)            Ossuary (1/1)
 Temple: D:4-7

Altars:
Fedhas


Innate Abilities, Weirdness & Mutations

You are immune to sickness and miasma.
Your stone body is resilient. (AC +4)
You are immune to poison.
You resist negative energy. (rN+)
You are resistant to electric shocks. (rElec)
You are resistant to unholy torment.
You are immune to petrification.


Message History

The mummy is heavily damaged.
You slash the kobold zombie! You hit the orc zombie.
You destroy the orc zombie!
The kobold zombie hits you but does no damage.
You block the mummy's attack.
Unknown command.
You barely miss the mummy.
The mummy is heavily damaged.
You barely miss the mummy. You hit the mummy. The mummy hits you!
The mummy barely misses you.
Unknown command.
You slash the mummy!
The mummy is almost destroyed.
You hit the mummy but do no damage. x2; The mummy hits you.
The mummy barely misses you.
Unknown command.
You hit the mummy.
You destroy the mummy!
You hit the mummy. You hit the mummy but do no damage.
You barely miss the kobold zombie. You hit the mummy. x2
You slash the kobold zombie!
You destroy the kobold zombie!
The mummy barely misses you.
The kobold zombie hits you but does no damage.
Unknown command.
You hit the kobold zombie.
The kobold zombie is severely damaged.
You completely miss the mummy. You barely miss the mummy.
You hit the mummy but do no damage. The mummy hits you but does no damage.
You block the kobold zombie's attack. The mummy hits you!
* * * LOW HITPOINT WARNING * * *
Unknown command.
You completely miss the mummy.
The mummy is heavily damaged.
You hit the mummy. You barely miss the kobold zombie.
You barely miss the mummy. You block the mummy's attack.
The kobold zombie barely misses you. The mummy hits you.
* * * LOW HITPOINT WARNING * * *
The mummy hits you!
You die...

#Z.M...#
#....#
#....#
#....#
#....#
#....#
#....#
#ZZM.#
#M@M.#
#.∩∩.#
######


You could see 3 mummies and 2 kobold zombies.

Vanquished Creatures
  A mummy (Ossuary)
  4 adders
  4 worms
  3 dart slugs
  An orc (D:3)
  6 endoplasms
  2 giant cockroaches
  4 goblins
  5 hobgoblins
  4 quokkas
  7 ball pythons
  5 bats
  3 frilled lizards
  5 kobolds (D:1)
  3 kobold zombies (Ossuary)
  3 orc zombies (Ossuary)
  5 rats
  A rat zombie (D:4)
66 creatures vanquished.

Notes
Turn   | Place    | Note
-------+----------+-------------------------------------------
     0 | D:1      | bande the Gargoyle Fighter began the quest for the Orb.
     0 | D:1      | Reached XP level 1. HP: 14/14 MP: 1/1
   310 | D:1      | Reached XP level 2. HP: 19/19 MP: 2/2
   697 | D:1      | Reached XP level 3. HP: 23/23 MP: 3/3
   769 | D:1      | Reached skill level 4 in Armour
  1441 | D:2      | Reached XP level 4. HP: 28/28 MP: 4/4
  1487 | D:2      | Found a faded altar of an unknown god.
  2049 | D:3      | Identified a scroll of acquirement
  2049 | D:3      | Acquired the +3 pair of seven-league boots {Rampage+∞}
  2049 | D:3      | Found the +3 pair of seven-league boots {Rampage+∞}
  2284 | D:3      | You fall into a shaft and drop 1 floor!
  2580 | D:4      | Found a blossoming altar of Fedhas.
  2834 | D:4      | Found a sand-covered staircase.
  2841 | Ossuary  | Entered an ossuary
  2851 | Ossuary  | Reached XP level 5. HP: 33/33 MP: 5/5
  2872 | Ossuary  | Mangled by a mummy

Illustrated notes

Levels and vault maps discovered:
D:1:      sevenhm_arrival_forest_fort_small_5, layout_basic,
          hangedman_abyss_or_decor_stabs, grunt_decor_resistance
D:2:      layout_loops_cross, hellmonk_ecumenical_altar_crossroads,
          solitary_fountain, kennysheep_generic_room_3
D:3:      layout_loops_ring, uniq_grinder
D:4:      layout_loops_corners, mainiacjoe_overflow_boulevard, enter_ossuary_4
Ossuary:  ossuary_tomb_3

Skill      XL: |  1  2  3  4 |
---------------+-------------+-----
Axes           | 2 3 |  3.3
Armour         | 4 |  4.3
Fighting       | |  3.7
Stealth        | |  0.5
Shields        | |  3.7

Action                   |  1- 3 |  4- 6 || total
-------------------------+-------+-------++-------
Melee: War axe           |   110 |    69 ||   179
  Use: Scroll            |     4 |     5 ||     9
Armor: Scale mail        |    72 |    29 ||   101
Dodge: Dodged            |    63 |    29 ||    92
Block: Buckler           |    30 |    24 ||    54

Table legend: (Time is in decaauts)
 A = Elapsed time spent in this place.
 B = Non-inter-level travel time spent in this place.
 C = Inter-level travel time spent in this place.
 D = Time resting spent in this place.
 E = Time spent auto-exploring this place.
 F = Levels seen in this place.
 G = Mean time per level.
                   A        B        C        D        E       F      G
               +--------+--------+--------+--------+--------+-----+--------+
         Total |   2947 |   2865 |     82 |      0 |   2305 |   5 |  589.4 |
       Dungeon |   2912 |   2830 |     82 |      0 |   2304 |   4 |  728.0 |
       Ossuary |     35 |     35 |      0 |      0 |      1 |   1 |   35.0 |
               +--------+--------+--------+--------+--------+-----+--------+

Top non-repeatable levels by time:
     D:1: 1309 daAuts
     D:2: 675 daAuts
     D:4: 562 daAuts
     D:3: 365 daAuts
 Ossuary: 35 daAuts
